 Dungeon Crawl Stone Soup version 0.30-a0-585-g93115170b9 (webtiles) character file.

Game seed: 11470280127921273327

11712 cforsyth the Grappler (level 11, -1/101 HPs)
             Began as a Ghoul Monk on Jan 2, 2023.
             Was an Elder of Okawaru.
             Slain by a lindwurm simulacrum (4 damage)
             ... in an ice cave.
             The game lasted 00:28:11 (18950 turns).

cforsyth the Grappler (Ghoul Monk)                 Turns: 18950, Time: 00:28:12

Health: -1/101     AC: 17    Str: 20    XL:     11   Next: 82%
Magic:  16/16      EV: 10    Int:  5    God:    Okawaru [****..]
Gold:   767        SH:  6    Dex: 11    Spells: 10/10 levels left

rFire   . . .      SeeInvis .      - Unarmed
rCold   + + .      Faith    .    B - +0 buckler
rNeg    + + +      Spirit   .    b - +2 chain mail {Will+}
rPois   ∞          Reflect  .    e - +0 helmet
rElec   .          Harm     .    (no cloak)
rCorr   .          Rampage  .    C - +0 pair of gloves
Will    +....                    (no boots)
Stlth   +                        (no amulet)
HPRegen 0.00/turn                G - ring of protection from fire
MPRegen 0.15/turn                m - ring of ice

@: heroic, inhibited regen
A: claws 1, cold resistance 1, negative energy resistance 3, inhibited
regeneration, torment resistance 2, devour on kill
a: Renounce Religion, Heroism, Finesse


You were in an ice cave.
You worshipped Okawaru.
Okawaru was greatly pleased with you.
You visited 1 branch of the dungeon, and saw 12 of its levels.
You also visited: Ice Cave.

You collected 767 gold pieces.

Inventory:

Missiles
 u - a throwing net (quivered)
Armour
 b - a +2 chain mail of willpower (worn)
 e - a +0 helmet (worn)
 B - a +0 buckler (worn)
 C - a +0 pair of gloves (worn)
Jewellery
 f - a +6 ring of intelligence
 m - a ring of ice (right hand)
 n - a ring of fire
 v - a +6 ring of intelligence
 G - a ring of protection from fire (left hand)
Wands
 j - a wand of flame (52)
 p - a wand of paralysis (13)
 J - a wand of digging (6)
Scrolls
 a - 4 scrolls of teleportation
 c - 8 scrolls of identify
 d - a scroll of amnesia {unknown}
 h - 3 scrolls of immolation
 k - 3 scrolls of vulnerability
 r - a scroll of fog {unknown}
 y - a scroll of magic mapping
 D - a scroll of poison {unknown}
 F - 3 scrolls of fear
 K - a scroll of enchant armour {unknown}
Potions
 g - 5 potions of mutation
 i - 2 potions of curing
 l - 2 potions of might
 o - 2 potions of attraction {unknown}
 q - 2 potions of lignification
 s - 2 potions of degeneration {unknown}
 t - a potion of invisibility {unknown}
 w - a potion of ambrosia
 x - a potion of brilliance {unknown}
 z - a potion of magic {unknown}
 A - a potion of heal wounds {unknown}
 E - a potion of cancellation {unknown}
 H - a potion of flight {unknown}
 I - a potion of berserk rage {unknown}


   Skills:
 + Level 10.5(15.5) Fighting
 + Level 8.1(13.1) Armour
 - Level 3.1(8.1) Dodging
 - Level 3.0(8.0) Stealth
 + Level 5.6(10.6) Shields
 + Level 10.5(15.5) Unarmed Combat
 - Level 8.0 Invocations


You had 10 spell levels left.
You didn't know any spells.
Your spell library contained the following spells:

 Spells                   Type           Power      Damage    Failure   Level
 Apportation              Tloc           0%         N/A       98%         1
 Foxfire                  Conj/Fire      0%         2x1d4     98%         1
 Freeze                   Ice            0%         1d3       98%         1
 Frozen Ramparts          Ice            0%         1d1       100%        3
 Hailstorm                Conj/Ice       0%         3d3       100%        3
 Inner Flame              Hex/Fire       0%         N/A       100%        3
 Cause Fear               Hex            0%         N/A       100%        4
 Alistair's Intoxication  Tmut/Pois      0%         N/A       100%        5
 Borgnjor's Vile Clutch   Necr/Erth      0%         N/A       100%        5
 Fireball                 Conj/Fire      0%         3d3       100%        5
 Eringya's Noxious Bog    Tmut/Pois      0%         N/A       100%        6
 Starburst                Conj/Fire      0%         6d3       100%        6
 Discord                  Hex            0%         N/A       100%        8
 Summon Ice Beast         Ice/Summ       Unusable   N/A       N/A         4
 Summon Mana Viper        Hex/Summ       Unusable   N/A       N/A         5
 Monstrous Menagerie      Summ           Unusable   N/A       N/A         7

Dungeon Overview and Level Annotations

Branches:
Dungeon (12/15)            Temple (0/1) D:6            Lair (0/5) D:8
    Orc (0/2) D:9           IceCv (1/1)

Altars:
Cheibriados
Gozag
Hepliaklqana
Makhleb
Okawaru
Uskayaw

Shops:
D:3 ?

Annotations:
D:3 1 runed translucent door, Crazy Yiuf


Innate Abilities, Weirdness & Mutations

You are immune to poison.
You have sharp fingernails.
Your flesh is cold resistant. (rC+)
You are immune to negative energy. (rN+++)
You do not regenerate when monsters are visible.
You are immune to unholy pain and torment.
You thrive by killing the living.


Message History

You punch the lindwurm simulacrum!
The lindwurm simulacrum is almost destroyed.
The lindwurm simulacrum bites you.
* * * LOW HITPOINT WARNING * * *
The lindwurm simulacrum freezes you. You resist.
* * * LOW HITPOINT WARNING * * *
The lindwurm simulacrum claws you but does no damage.
The lindwurm simulacrum claws you.
* * * LOW HITPOINT WARNING * * *
The lindwurm simulacrum freezes you. You resist.
* * * LOW HITPOINT WARNING * * *
The lindwurm simulacrum bites you but does no damage.
The lindwurm simulacrum claws you but does no damage.
The lindwurm simulacrum closely misses you.
Unknown command.
You feel better.
The lindwurm simulacrum bites you but does no damage.
The lindwurm simulacrum claws you but does no damage.
The lindwurm simulacrum claws you.
* * * LOW HITPOINT WARNING * * *
The lindwurm simulacrum freezes you. You resist.
* * * LOW HITPOINT WARNING * * *
You feel better.
The lindwurm simulacrum completely misses you.
The lindwurm simulacrum claws you.
* * * LOW HITPOINT WARNING * * *
The lindwurm simulacrum freezes you. You resist.
* * * LOW HITPOINT WARNING * * *
The lindwurm simulacrum closely misses you.
The lindwurm simulacrum bites you but does no damage.
The lindwurm simulacrum claws you but does no damage. x2
You feel better.
The lindwurm simulacrum bites you but does no damage.
The lindwurm simulacrum misses you.
The lindwurm simulacrum barely misses you.
It was a potion of lignification.
You feel woody for a moment. The lindwurm simulacrum bites you.
* * * LOW HITPOINT WARNING * * *
The lindwurm simulacrum freezes you. You resist.
You die...

...# ...# ..## .##
### .## ####.###
..# ###......##
..#####...#.##..##
..#.#...#####.#Z.#
#.....### ##.Z@#
###.### #.†### #
### #..# .#
##....$Z=Z .#
#####Z)$# .. .#
... .... .....


You could see 2 lindwurm simulacra.

Vanquished Creatures
  Fannar (D:10)
  A two-headed ogre (D:11)
  A manticore (D:11)
  A rime drake (IceCv)
  A komodo dragon (D:10)
  An unseen horror (D:10)
  2 trolls
  A hornet (D:9)
  Prince Ribbit (D:6)
  2 shadows (D:10)
  A wyvern (D:10)
  6 yaks
  A wraith (D:12)
  4 humans
  Grum (D:7)
  2 steam dragons
  A vampire mosquito (D:10)
  A death yak simulacrum (D:12)
  2 acid dragons
  Edmund (D:6)
  3 water moccasins (D:7)
  4 orc warriors
  An ice beast (D:8)
  7 black bears
  An ogre (D:4)
  4 wolves
  A sky beast (D:7)
  4 centaurs
  2 kobold brigands (D:7)
  3 bullfrogs
  5 scorpions
  A cane toad simulacrum (D:12)
  2 two-headed ogre simulacra (D:12)
  A gnoll sergeant (D:11)
  10 wights
  A lindwurm simulacrum (IceCv)
  6 killer bees
  5 electric eels (D:8)
  6 howler monkeys
  3 hounds (D:5)
  2 komodo dragon simulacra (IceCv)
  5 jellies
  8 orc priests
  Terence (D:3)
  An iguana (D:5)
  8 orc wizards
  A spriggan simulacrum (D:12)
  2 troll simulacra (D:12)
  3 acid dragon simulacra (IceCv)
  12 adders
  7 gnolls
  A naga simulacrum (D:12)
  A shadow imp (D:6)
  5 white imps
  3 ufetubi
  A steam dragon simulacrum (IceCv)
  A worm (D:5)
  2 dart slugs
  47 orcs
  2 endoplasms (D:1)
  2 giant cockroaches (D:4)
  7 goblins
  2 hobgoblins
  8 jackals
  5 quokkas
  5 ball pythons
  3 bats
  4 frilled lizards
  20 kobolds
  7 rats
278 creatures vanquished.

Vanquished Creatures (others)
  A gnoll (D:11)
  33 fungi (D:8)
  43 plants
77 creatures vanquished.

Grand Total: 355 creatures vanquished

Notes
Turn   | Place    | Note
-------+----------+-------------------------------------------
     0 | D:1      | cforsyth the Ghoul Monk began the quest for the Orb.
     0 | D:1      | Reached XP level 1. HP: 19/19 MP: 0/0
   277 | D:1      | Reached XP level 2. HP: 20/26 MP: 1/1
   971 | D:2      | Reached XP level 3. HP: 33/33 MP: 2/2
  1010 | D:2      | Found an iron altar of Okawaru.
  1799 | D:3      | Noticed Terence
  1956 | D:3      | Killed Terence
  1957 | D:3      | Reached XP level 4. HP: 3/40 MP: 3/3
  2401 | D:3      | Noticed a +0 dagger
  2401 | D:3      | Noticed a +0 spear
  2401 | D:3      | Noticed a +0 falchion
  2401 | D:3      | Noticed a +0 short sword
  2403 | D:3      | Noticed a +0 short sword
  2403 | D:3      | Noticed a +0 falchion
  2403 | D:3      | Noticed a +0 spear
  2405 | D:3      | Noticed a +0 dagger
  2425 | D:3      | Reached skill level 1 in Armour
  2734 | D:3      | Found Qazy's Magic Scroll Emporium.
  2922 | D:3      | Reached XP level 5. HP: 46/46 MP: 4/4
  2937 | D:3      | Found a hide-covered altar of Uskayaw.
  3001 | D:3      | Found a runed translucent door.
  3002 | D:3      | Noticed Crazy Yiuf
  3150 | D:2      | Became a worshipper of Warmaster Okawaru
  3150 | D:2      | Reached * piety under Okawaru
  3150 | D:2      | Reached ** piety under Okawaru
  3350 | D:4      | Noticed an ogre
  3856 | D:4      | Reached XP level 6. HP: 47/53 MP: 5/5
  4060 | D:4      | Reached skill level 5 in Fighting
  4060 | D:4      | Reached skill level 5 in Unarmed Combat
  4380 | D:5      | Entered Level 5 of the Dungeon
  4512 | D:5      | Reached skill level 1 in Invocations
  4694 | D:5      | Reached XP level 7. HP: 43/61 MP: 6/6
  4980 | D:5      | Found a snail-covered altar of Cheibriados.
  5008 | D:5      | Found an iron altar of Okawaru.
  5074 | D:5      | Identified the +7 hand axe of the Mind {venom, rN++ Int+2}
  5203 | D:5      | Reached *** piety under Okawaru
  5566 | D:6      | Noticed Edmund
  5722 | D:6      | Reached XP level 8. HP: 65/70 MP: 7/9
  5977 | D:6      | Reached **** piety under Okawaru
  6049 | D:6      | Killed Edmund
  6063 | D:6      | Reached XP level 9. HP: 65/79 MP: 11/11
  6074 | D:6      | Noticed Prince Ribbit
  6322 | D:6      | Reached skill level 5 in Armour
  6349 | D:6      | Found a staircase to the Ecumenical Temple.
  6499 | D:6      | Killed Prince Ribbit
  6500 | D:6      | Reached skill level 5 in Invocations
  7238 | D:7      | Identified the +1 leather armour "Reshream" {rElec rF++
                  | Dex-4}
  7241 | D:7      | Found a hazy altar of Hepliaklqana.
  7639 | D:7      | Identified the +3 robe of Responsibility {Rampage Drain
                  | Dex+5}
  7660 | D:7      | Reached ***** piety under Okawaru
  8436 | D:8      | Reached skill level 1 in Shields
  8441 | D:8      | Found a staircase to the Lair.
  8602 | D:7      | Reached XP level 10. HP: 37/89 MP: 13/13
  8778 | D:8      | Noticed Grum
  8811 | D:7      | Killed Grum
 12472 | D:8      | HP: 4/90 [electric eel/bolt of electricity (7)]
 13340 | D:9      | Received a gift from Okawaru
 13363 | D:9      | Found a staircase to the Orcish Mines.
 14118 | D:9      | Found a burning altar of Makhleb.
 14310 | D:9      | Reached XP level 11. HP: 85/97 MP: 15/15
 14565 | D:10     | Entered Level 10 of the Dungeon
 15951 | D:10     | Found an opulent altar of Gozag.
 15952 | D:10     | Found an opulent altar of Gozag.
 15957 | D:10     | Found an opulent altar of Gozag.
 15964 | D:10     | Found an opulent altar of Gozag.
 16321 | D:10     | Noticed Fannar
 16335 | D:10     | Killed Fannar
 16335 | D:10     | Identified the +6 glaive "Jyoj" {heavy, *Rage Will+ Int+3
                  | Dex+4} (Okawaru gifted it to you on level 10 of the
                  | Dungeon)
 16335 | D:10     | Received a gift from Okawaru
 16336 | D:10     | Reached skill level 10 in Fighting
 16336 | D:10     | Reached skill level 5 in Shields
 16336 | D:10     | Reached skill level 10 in Unarmed Combat
 16562 | D:11     | Noticed a two-headed ogre
 16570 | D:11     | Killed a two-headed ogre
 17508 | D:11     | Noticed a manticore
 17520 | D:11     | Killed a manticore
 17995 | D:11     | HP: 3/100 [something (7)]
 18407 | D:12     | Found a frozen archway.
 18447 | IceCv    | Entered an ice cave
 18948 | IceCv    | HP: 1/101 [lindwurm simulacrum (5)]
 18950 | IceCv    | Slain by a lindwurm simulacrum

Illustrated notes

Levels and vault maps discovered:
D:1:      scummos_arrival_forest, layout_basic, glass_columns_c,
          serial_bayou_pond_b, amcnicky_mini_rare_corridor_liquid
D:2:      layout_loops_cross, basic_altar, serial_forest,
          infiniplex_forest_end_3, infiniplex_forest_lined_1,
          infiniplex_forest_diagonal, infiniplex_forest_straight_4,
          infiniplex_forest_clump_small, infiniplex_forest_corner_2,
          infiniplex_forest_clump_curved, infiniplex_forest_lined_corner
D:3:      layout_basic, nicolae_uskayaw_en_pointe, serial_shops,
          nicolae_lakefront_shop, uniq_crazy_yiuf_cottage, uniq_terence
D:4:      layout_basic, minmay_statues_item, kennysheep_flooded_box
D:5:      layout_loops_corners, mainiacjoe_overflow_big_doors
D:6:      layout_cave_pools, elyvilon_altar_4, minmay_temple_entry_tees,
          minmay_ruffians, uniq_edmund, uniq_prince_ribbit1
D:7:      layout_layer_cave, kennysheep_mini_moat, serial_rivers,
          chequers_serial_rivers_marsh, chequers_serial_rivers_micro_b,
          chequers_serial_rivers_micro_c, chequers_serial_rivers_marsh,
          chequers_serial_rivers_micro_a
D:8:      layout_gridville, due_lair_maze_entry_diamond, kennysheep_boxes,
          uniq_grum
D:9:      layout_grid_maze, mainiacjoe_overflow_brackets, david_orc_5
D:10:     kennysheep_six_static_rooms, layout_loops_corners,
          nicolae_gozag_conspicuous_consumption, uniq_fannar
D:11:     layout_stronghold, disabler_island
D:12:     layout_long_grid, portal_ice_cave_entry_ice_simulacra
IceCv:    ice_cave_small_dragons

Skill      XL: |  1  2  3  4  5  6  7  8  9 10 11 |
---------------+----------------------------------+-----
Dodging        | 3 |  3.1
Stealth        | 3 |  3.0
Fighting       | 4 5 6 7 8 9 10 | 10.5
Unarmed Combat | 4 5 6 7 8 9 10 | 10.5
Armour         | 1 2 3 4 6 7 8 |  8.1
Invocations    | 1 2 4 6 7 8 |  8.0
Shields        | 2 4 5 |  5.6

Action                   |  1- 3 |  4- 6 |  7- 9 | 10-12 || total
-------------------------+-------+-------+-------+-------++-------
Melee: Unarmed           |   142 |   215 |   434 |   636 ||  1427
       Punch             |     2 |     3 |    14 |       ||    19
Invok: Heroism           |       |     1 |     2 |    12 ||    15
  Use: Potion            |     1 |       |       |     8 ||     9
       Scroll            |       |       |     4 |     6 ||    10
Armor: Chain mail        |    80 |   129 |   328 |   443 ||   980
       Robe              |     1 |       |       |       ||     1
Dodge: Dodged            |    53 |    66 |   164 |   247 ||   530
Block: Buckler           |       |       |    18 |   142 ||   160

Table legend: (Time is in decaauts)
 A = Elapsed time spent in this place.
 B = Non-inter-level travel time spent in this place.
 C = Inter-level travel time spent in this place.
 D = Time resting spent in this place.
 E = Time spent auto-exploring this place.
 F = Levels seen in this place.
 G = Mean time per level.
                   A        B        C        D        E       F      G
               +--------+--------+--------+--------+--------+-----+--------+
         Total |  18806 |  18277 |    529 |   6199 |   8910 |  13 | 1446.6 |
       Dungeon |  18311 |  17782 |    529 |   5775 |   8879 |  12 | 1525.9 |
      Ice Cave |    495 |    495 |      0 |    424 |     31 |   1 |  495.0 |
               +--------+--------+--------+--------+--------+-----+--------+

Top non-repeatable levels by time:
     D:8: 3927 daAuts
     D:7: 2340 daAuts
    D:10: 2116 daAuts
     D:3: 1562 daAuts
    D:11: 1537 daAuts
     D:5: 1446 daAuts
     D:9: 1373 daAuts
     D:6: 976 daAuts
     D:2: 965 daAuts
     D:4: 937 daAuts
     D:1: 934 daAuts
   IceCv: 495 daAuts
    D:12: 191 daAuts
